 Dungeon Crawl Stone Soup version 0.28-a0-1184-g53156a8862 (webtiles) character file.

Game seed: 7031429033498118851

410 kae the Changer (level 6, 0/47 HPs)
             Began as a Draconian Transmuter on Dec 17, 2021.
             Was an Initiate of Ru.
             Succumbed to a gnoll's poison
             ... on level 4 of the Dungeon.
             The game lasted 00:03:07 (4444 turns).

kae the Changer (Draconian Transmuter)              Turns: 4444, Time: 00:03:07

Health: 0/47       AC: -2    Str: 12    XL:     6   Next: 58%
Magic:  9/11       EV: 19    Int: 16    God:    Ru [......]
Gold:   154        SH:  0    Dex: 16    Spells: 4/12 levels left

rFire   . . .      SeeInvis .     - Unarmed
rCold   . . .      Faith    .   (shield currently unavailable)
rNeg    . . .      Spirit   .   (armour unavailable)
rPois   x          Reflect  .   (helmet currently unavailable)
rElec   .          Harm     .   (cloak currently unavailable)
rCorr   .          Rampage  .   (gloves currently unavailable)
Will    .....                   (boots currently unavailable)
Stlth   ++........              (no amulet)
HPRegen 0.15/turn               a - ring "Ziezoosau" {+Blink Fly Slay+3 Stlth+}
MPRegen 0.12/turn               c - ring of wizardry

@: lethally poisoned (0 -> -16), spider-form, corroded, flying
A: venomous fangs, AC +6, tiny, unfitting armour, (cold-blooded)
a: End Transformation, Renounce Religion, Evoke Blink


You were on level 4 of the Dungeon.
You worshipped Ru.
Ru was noncommittal.
You were a venomous arachnid creature.
You visited 2 branches of the dungeon, and saw 6 of its levels.

You collected 154 gold pieces.

Inventory:

Jewellery
 a - the ring "Ziezoosau" (left front leg) {+Blink Fly Slay+3 Stlth+}
   (You acquired it on level 2 of the Dungeon)

   [ring of flight]

   Slay:      It affects your accuracy & damage with ranged weapons and melee
   (+3).
   Fly:       It grants you flight.
   +Blink:    It lets you blink.
   Stlth:     It makes you more stealthy.
 c - a ring of wizardry (right front leg)
 e - a ring of see invisible
 l - a ring of fire
Scrolls
 j - a scroll of enchant weapon
 n - a scroll of teleportation
 o - a scroll of vulnerability {unknown}
 p - a scroll of fear
Potions
 b - a potion of might
 d - a potion of flight
 f - a potion of heal wounds
 g - 2 potions of mutation {unknown}
 h - a potion of lignification {unknown}
 i - a potion of curing {unknown}
 k - a potion of resistance {unknown}
 m - a potion of haste {unknown}


   Skills:
 - Level 1.1 Fighting
 - Level 1.7 Dodging
 - Level 3.0 Unarmed Combat
 + Level 3.5 Spellcasting
 * Level 5.1 Transmutations
 * Level 3.2 Ice Magic
 - Level 1.0 Poison Magic


You had 4 spell levels left.
You knew the following spells:

 Your Spells              Type           Power      Damage    Failure   Level
a - Beastly Appendage     Tmut           38%        N/A       3%          1
b - Spider Form           Tmut/Pois      12%        N/A       14%         3
c - Ice Form              Ice/Tmut       16%        N/A       26%         4

Your spell library contained the following spells:

 Spells                   Type           Power      Damage    Failure   Level
 Wereblood                Tmut           19%        N/A       4%          2


Dungeon Overview and Level Annotations

Branches:
Dungeon (5/15)             Temple (1/1) D:4

Altars:
Ashenzari
Cheibriados
Dithmenos
Elyvilon
Fedhas
Hepliaklqana
Kikubaaqudgha
Makhleb
Nemelex Xobeh
Okawaru
Qazlal
Ru
Sif Muna
Trog
Uskayaw
Vehumet
Wu Jian
Xom
Yredelemnul
Zin
The Shining One

Annotations:
D:3 2 transporters, p0werm0de's ghost, amateur DsFi


Innate Abilities, Weirdness & Mutations

You are a venomous arachnid creature.
You have poisonous fangs.
You are tiny and dextrous.
Your spellcasting is less reliable in this form.
Your armour is entirely melded.
You are incapable of wielding weapons or throwing items.
((Your plain brown scales are hard. (AC +6)))
You cannot fit into any form of body armour.
((You are cold-blooded and may be slowed by cold attacks.))


Message History

(D) Dungeon (T) Temple
Where to? (Enter - D:4, ? - help)
There is a stone staircase leading up here.
You see here 22 stones.
There is a stone staircase leading down here.
You fly downwards.
Found a ring mail, a viscous cyan potion and a puce potion.
There is a stone staircase leading up here.
There are monsters nearby!
Okay, then.
Casting: Ice Form (quite dangerous; 14% risk of failure)
Confirm with . or Enter, or press ? or * to list all spells.
You turn into a venomous arachnid creature.
The gnoll shouts!
A gnoll comes into view. It is wielding a +0 flail.
You hit the jelly.
Your front legs burn!
The jelly is moderately wounded.
A gnoll comes into view. It is wielding a +2 spear of venom.
The gnoll shouts!
You hit the jelly.
Your front legs burn!
The jelly is severely wounded.
The jelly completely misses you. The gnoll completely misses you.
You hit the jelly. The acid corrodes you!
Your front legs burn!
The jelly is almost dead.
The jelly closely misses you. The gnoll hits you with a +0 club!
You hit the jelly.
You kill the jelly!
The gnoll hits you with a +0 club.
You are too injured to fight recklessly!
You barely miss the gnoll. The gnoll barely misses you.
The gnoll hits you with a +0 club. The gnoll closely misses you.
The gnoll hits you with a +0 club.
There is a stone staircase leading up here.
The gnoll hits you from afar with a +2 spear of venom!
* * * LOW HITPOINT WARNING * * *
You are lethally poisoned!
The gnoll hits you with a +0 club.
* * * LOW HITPOINT WARNING * * *
You fly upwards.
You die...

)...####### ##.##.###..####
###.>.....###..#......## ######
#.#####...#.##.#..<.# ###....#
#.# ###.#.#..####.###......# #.#
##.....##....#........# #.##
###..#..................# #[.#
#....................####
##.###..####.##...#######..# #
#.##...# #..s....### ##.#
####.#..######..g.##...### #.####
#....†...........#####..(###....#
...............##### ###...####.#
#....[....##...>)..# ###.......
##.######.##.#.###.# #####...
#.################## ####
#.##...............##### #
#..#.(#..#..#..#.......#### #


You could see a gnoll.

Vanquished Creatures
  A black bear (D:4)
  A phantom (D:4)
  A scorpion (D:4)
  A jelly (D:5)
  Jessica (D:3)
  An orc wizard (D:4)
  An iguana (D:4)
  2 adders
  4 worms
  2 dart slugs
  3 orcs (D:4)
  An endoplasm (D:3)
  A giant cockroach (D:2)
  6 hobgoblins
  2 jackals (D:3)
  2 quokkas
  3 ball pythons
  4 bats
  3 frilled lizards
  2 goblins (D:2)
  2 kobolds (D:2)
  5 rats
49 creatures vanquished.

Notes
Turn   | Place    | Note
-------+----------+-------------------------------------------
     0 | D:1      | kae the Draconian Transmuter began the quest for the Orb.
     0 | D:1      | Reached XP level 1. HP: 16/16 MP: 3/3
   348 | D:1      | Found a faded altar of an unknown god.
  1119 | D:2      | Reached XP level 2. HP: 23/23 MP: 3/5
  1269 | D:2      | Reached skill level 3 in Transmutations
  1494 | D:2      | Identified a scroll of acquirement
  1494 | D:2      | Acquired the ring "Ziezoosau" {+Blink Fly Slay+3 Stlth+}
  1594 | D:2      | Reached XP level 3. HP: 27/28 MP: 4/6
  2176 | D:3      | Found a transporter.
  2179 | D:3      | Noticed an ogre
  2179 | D:3      | Noticed p0werm0de's ghost (amateur DsFi)
  2187 | D:3      | Learned a level 3 spell: Spider Form
  2294 | D:3      | Found a transporter.
  2460 | D:3      | Noticed Jessica
  2475 | D:3      | Killed Jessica
  2476 | D:3      | Reached skill level 1 in Poison Magic
  2476 | D:3      | Reached XP level 4. HP: 21/35 MP: 3/8
  3116 | D:3      | You are sucked into a shaft and drop 1 floor!
  3116 | D:4      | Found a staircase to the Ecumenical Temple.
  3122 | Temple   | Entered the Ecumenical Temple
  3299 | Temple   | Became a worshipper of Ru the Awakened
  3486 | D:4      | Learned a level 4 spell: Ice Form
  3548 | D:4      | Noticed a black bear
  3586 | D:4      | Killed a black bear
  3587 | D:4      | Reached skill level 4 in Transmutations
  3587 | D:4      | Reached skill level 1 in Ice Magic
  3587 | D:4      | Reached XP level 5. HP: 36/40 MP: 6/9
  3941 | D:4      | Reached XP level 6. HP: 47/47 MP: 6/10
  4291 | D:4      | Reached skill level 5 in Transmutations
  4433 | D:5      | Entered Level 5 of the Dungeon
  4444 | D:4      | Succumbed to a gnoll's poison

Illustrated notes

Levels and vault maps discovered:
D:1:      denvon_arrival_planthouse, layout_basic, basic_ecumenical_altar
D:2:      layout_basic
D:3:      layout_basic, gammafunk_ghost_arena, grunt_ministairs_15, uniq_jessica
D:4:      layout_rooms, temple_hall, kennysheep_donut
D:5:      layout_cave_pools, st_stairs_3, uniq_blork_the_orc, uniq_menkaure,
          uniq_grinder
Temple:   minmay_crystal_snake_temple

Skill      XL: |  1  2  3  4  5  6 |
---------------+-------------------+-----
Transmutations | 3 4 5 |  5.1
Poison Magic   | 1 |  1.0
Spellcasting   | 3 |  3.5
Ice Magic      | 1 2 3 |  3.2
Fighting       | |  1.1
Dodging        | |  1.7
Unarmed Combat | |  3.0

Action                   |  1- 3 |  4- 6 || total
-------------------------+-------+-------++-------
Melee: Unarmed           |    69 |    51 ||   120
       Kick              |     9 |     3 ||    12
       Tailslap          |     4 |       ||     4
       Headbutt          |     2 |     1 ||     3
 Cast: Beastly Appendage |    20 |     5 ||    25
       Spider Form       |     1 |    11 ||    12
       Ice Form          |       |     1 ||     1
  Use: Scroll            |     8 |     3 ||    11
 Stab: Sleeping          |     4 |       ||     4
Armor: Skin              |    25 |     9 ||    34
Dodge: Dodged            |    32 |    39 ||    71

Table legend: (Time is in decaauts)
 A = Elapsed time spent in this place.
 B = Non-inter-level travel time spent in this place.
 C = Inter-level travel time spent in this place.
 D = Time resting spent in this place.
 E = Time spent auto-exploring this place.
 F = Levels seen in this place.
 G = Mean time per level.
                   A        B        C        D        E       F      G
               +--------+--------+--------+--------+--------+-----+--------+
         Total |   4436 |   4291 |    145 |    150 |   3668 |   6 |  739.3 |
       Dungeon |   4099 |   4030 |     69 |     50 |   3527 |   5 |  819.8 |
        Temple |    337 |    262 |     75 |    100 |    141 |   1 |  337.0 |
               +--------+--------+--------+--------+--------+-----+--------+

Top non-repeatable levels by time:
     D:1: 1111 daAuts
     D:2: 1048 daAuts
     D:4: 979 daAuts
     D:3: 949 daAuts
  Temple: 337 daAuts
     D:5: 10 daAuts
